 Dungeon Crawl Stone Soup version 0.18.1-50-g88ac8fd (webtiles) character file.

81 ololoev the Magician (level 4, -4/24 HPs)
             Began as a Deep Elf Fire Elementalist on Dec 6, 2016.
             Was an Initiate of Elyvilon.
             Slain by an ogre
             ... wielding a +0 giant spiked club
              (22 damage)
             ... on level 4 of the Dungeon.
             The game lasted 00:05:42 (504 turns).

ololoev the Magician (Deep Elf Fire Elementalist)    Turns: 504, Time: 00:05:43

Health: -4/24      AC:  2    Str:  5    XL:     4   Next: 20%
Magic:  5/12       EV: 13    Int: 21    God:    Elyvilon [......]
Gold:   73         SH:  0    Dex: 15    Spells: 2 memorised, 7 levels left

rFire  . . .     SeeInvis .     b - book of Flames
rCold  . . .     Gourm    .     a - +0 robe
rNeg   . . .     Faith    .     (no shield)
rPois  .         Spirit   .     (no helmet)
rElec  .         Dismiss  .     (no cloak)
rCorr  .         Reflect  .     (no gloves)
SustAt .         Harm     .     (no boots)
MR     .....                    (no amulet)
Stlth  +.........               (no ring)
                                f - ring of loudness (curse)

@: very slightly contaminated, not resistant to hostile enchantments, very
unstealthy
A: no striking features
a: Renounce Religion

Inventory:

Armour
 a - a +0 robe (worn)
Jewellery
 f - a cursed ring of loudness (left hand)
Scrolls
 e - 3 scrolls of identify {unknown}
 h - a scroll of immolation {unknown}
Books
 b - a book of Flames (in hand)

   Spells                             Type                      Level
   a - Flame Tongue                   Conjuration/Fire             1
   b - Throw Flame                    Conjuration/Fire             2
   c - Conjure Flame                  Conjuration/Fire             3
   d - Inner Flame                    Hexes/Fire                   3
   e - Sticky Flame                   Conjuration/Fire             4
   f - Fireball                       Conjuration/Fire             5
Comestibles
 c - a bread ration
 d - a meat ration
 g - a beef jerky


   Skills:
 - Level 2.4 Dodging
 - Level 2.4 Stealth
 + Level 4.4 Spellcasting
 + Level 2.9 Conjurations
 + Level 3.9 Fire Magic


You had 7 spell levels left.
You knew the following spells:

 Your Spells              Type           Power        Failure   Level  Hunger
a - Flame Tongue          Conj/Fire      ###..        2%          1    None
b - Conjure Flame         Conj/Fire      ###.....     10%         3    ##.....


You were on level 4 of the Dungeon.
You worshipped Elyvilon.
Elyvilon was noncommittal.
You were not hungry.

You visited 1 branch of the dungeon, and saw 4 of its levels.

You collected 73 gold pieces.

## .> #. #. #
#.## #.## #.O#
#.(..##@##
#....#8.8###
#..........#
......#8.8#.#
......##.##...
...## #.######
.. ####.....#
. #<...###.#
######

Notes
Turn   | Place    | Note
--------------------------------------------------------------
     0 | D:1      | ololoev the Deep Elf Fire Elementalist began the quest for the Orb.
     0 | D:1      | Reached XP level 1. HP: 10/10 MP: 6/6
    10 | D:1      | jacquesderrida: o.o
    54 | D:2      | Reached XP level 2. HP: 11/15 MP: 0/8
    75 | D:2      | Iwannabefree: мдааааа
    75 | D:2      | Found a burning altar of Makhleb.
    76 | D:2      | Iwannabefree: зачистил вулкан
   128 | D:3      | jacquesderrida: Zachem?
   137 | D:3      | Iwannabefree: героически выпилил дракониана в кучей поушенок берсерка
   148 | D:3      | Iwannabefree: а там плейт и кожанки резиста
   149 | D:3      | Iwannabefree: и голды немного
   149 | D:3      | Iwannabefree: ГДЕ ЛУТ ТА
   149 | D:3      | ololoev: начал FE - теперь камни на каждом углу
   173 | D:3      | jacquesderrida: lut ninada
   190 | D:3      | ololoev: @??draconian
   190 | D:3      | beem: draconian (d)
                  | Spd:
    10 | HD: 8    | HP: 53-74
                  | AC/EV: 10/11
                  | Dam: 15
                  | weapons, items, doors, cold-blooded
                  | Res: magic(10)
                  | XP:
   524 | Sz: Medium | Int: human.
   229 | D:3      | Iwannabefree: мне обещали лут
   236 | D:3      | ololoev: лут голейн
   236 | D:3      | Iwannabefree: говорили что теперь ревард соответствует риску
   250 | D:3      | Found a white marble altar of Elyvilon.
   258 | D:3      | jacquesderrida: tebya obmanooli
   258 | D:3      | Became a worshipper of Elyvilon the Healer
   303 | D:3      | Reached XP level 3. HP: 19/19 MP: 1/10
   308 | D:3      | Learned a level 3 spell: Conjure Flame
   387 | D:2      | Reached skill level 4 in Spellcasting
   427 | D:3      | Iwannabefree: ну как обычно
   435 | D:3      | Iwannabefree: они и говорили что жизнь прекрасна
   450 | D:3      | Found an oddly glowing altar of Pakellas.
   458 | D:3      | Reached XP level 4. HP: 14/24 MP: 6/12
   498 | D:4      | Noticed an ogre
   504 | D:4      | Slain by an ogre

Dungeon Overview and Level Annotations

Branches:
Dungeon (4/15)
 Temple: D:4-7

Altars:
Elyvilon
Makhleb
Pakellas


Message History

You have reached level 4!
You feel clever.
The withered plant is engulfed in a cloud of scalding steam.
You open the door.
There is an open door here.
An adder comes into view.
You enter the shallow water.
Moving in this stuff is going to be slow.
Casting: Flame Tongue
Confirm with . or Enter, or press ? or * to list all spells.
Aiming: Flame Tongue
Press: ? - help, Shift-Dir - straight line, f - adder
Aim: an adder The flame tongue hits the adder.
The adder is heavily wounded.
The adder is engulfed in a cloud of scalding steam.
You kill the adder!
Unknown command.
You enter the shallow water.
Moving in this stuff is going to be slow.
You open the door.
There is an open door here.
Found a stone staircase leading down.
There is a stone staircase leading down here.
You climb downwards.
You hear the sound of rushing water.
There is an entrance to a sewer on this level.
Hurry and find it before the portal rusts away!
There is a stone staircase leading up here.
A giant gecko comes into view.
Casting: Flame Tongue
Confirm with . or Enter, or press ? or * to list all spells.
Aiming: Flame Tongue
Press: ? - help, Shift-Dir - straight line, f - giant gecko
Aim: a giant gecko (clinging)
The flame tongue hits the giant gecko.
You kill the giant gecko!
Found 10 arrows.
An ogre comes into view. It is wielding a giant spiked club.
The ogre shouts!
Found a stone staircase leading down.
Casting: Flame Tongue
Confirm with . or Enter, or press ? or * to list all spells.
Aiming: Flame Tongue
Press: ? - help, Shift-Dir - straight line, f - ogre
Aim: an ogre, wielding a giant spiked club The flame tongue hits the ogre.
The ogre is moderately wounded.
Casting: Flame Tongue
Confirm with . or Enter, or press ? or * to list all spells.
Aiming: Flame Tongue
Press: ? - help, Shift-Dir - straight line, f/p - ogre
Aim: an ogre, wielding a giant spiked club (moderately wounded)
The flame tongue hits the ogre.
The ogre is moderately wounded.
Casting: Flame Tongue
Confirm with . or Enter, or press ? or * to list all spells.
Aiming: Flame Tongue
Press: ? - help, Shift-Dir - straight line, f/p - ogre
Aim: an ogre, wielding a giant spiked club (moderately wounded)
The flame tongue hits the ogre.
The ogre is severely wounded.
The ogre closely misses you.
Casting: Flame Tongue
Confirm with . or Enter, or press ? or * to list all spells.
Aiming: Flame Tongue
Press: ? - help, Shift-Dir - straight line, f/p - ogre
Aim: an ogre, wielding a giant spiked club (severely wounded)
The flame tongue hits the ogre.
The ogre is severely wounded.
Casting: Flame Tongue
Confirm with . or Enter, or press ? or * to list all spells.
Aiming: Flame Tongue
Press: ? - help, Shift-Dir - straight line, f/p - ogre
Aim: an ogre, wielding a giant spiked club (severely wounded)
You miscast Flame Tongue.
You are very lightly contaminated with residual magic.
Nothing appears to happen.
The ogre hits you with a giant spiked club!!
Ouch! That really hurt!
You die...

You could see an ogre.

Vanquished Creatures
  An orc wizard (D:2)
  2 adders
  An adder zombie (D:3)
  2 giant geckos
  10 orcs (D:3)
  A giant cockroach (D:3)
  A hobgoblin (D:2)
  2 quokkas (D:3)
  A bat (D:3)
  A giant cockroach zombie (D:3)
  A kobold (D:2)
  2 rats
25 creatures vanquished.

Action                   |  1- 3 |  4- 6 || total
-------------------------+-------+-------++-------
 Cast: Flame Tongue      |    45 |     6 ||    51
Armor: Robe              |     1 |       ||     1
Dodge: Dodged            |    14 |     1 ||    15

Vault maps used:
D:1:      dpeg_arrival_tiny_h
D:2:      makhleb_altar_promises_db,
          nicolae_gozag_cash_rules_everything_around_me
D:3:      grunt_pakellas_basics, lemuel_coloured_pillars_altar, serial_undead,
          serial_undead_a, serial_undead_e, serial_undead_f, serial_undead_e,
          minmay_bisected
D:4:      tso_oasis_becter, kennysheep_little_box, first_bread,
          portal_sewer_entry_b, small_statue_intersection
